 Dungeon Crawl Stone Soup version 0.30-a0-808-g6e0788376e (webtiles) character file.

Game seed: 14507955545771948144

609 bmack86 the Chopper (level 7, -3/61 HPs)
             Began as a Minotaur Fighter on Feb 26, 2023.
             Was an Initiate of Okawaru.
             Killed by nerve-wracking pain
             ... invoked by an orc priest
              (9 damage)
             ... on level 5 of the Dungeon.
             The game lasted 00:09:47 (3375 turns).

bmack86 the Chopper (Minotaur Fighter)              Turns: 3375, Time: 00:09:47

Health: -3/61      AC:  8    Str: 20    XL:     7   Next: 19%
Magic:  6/6        EV: 14    Int:  5    God:    Okawaru [......]
Gold:   170        SH:  5    Dex: 10    Spells: 6/6 levels left

rFire   . . .      SeeInvis +    a - +0 war axe (venom)
rCold   . . .      Faith    .    c - +0 buckler
rNeg    . . .      Spirit   .    b - +0 scale mail
rPois   +          Reflect  .    (helmet restricted)
rElec   .          Harm     .    w - +0 cloak
rCorr   +          Rampage  .    (no gloves)
Will    .....                    (no boots) Stlth
                                 (no amulet)
HPRegen 0.30/turn                l - ring of Edeviev {rPois rCorr EV+5 Str-2 SInv}
MPRegen 0.10/turn                (no ring)

@: no status effects
A: horns 2, retaliatory headbutt
a: Renounce Religion


You were on level 5 of the Dungeon.
You worshipped Okawaru.
Okawaru was noncommittal.
You visited 2 branches of the dungeon, and saw 6 of its levels.

You collected 170 gold pieces.

Inventory:

Hand Weapons
 a - a +0 war axe of venom (weapon)
Missiles
 e - 5 atropa-tipped darts
 g - 3 poisoned darts (quivered)
Armour
 b - a +0 scale mail (worn)
 c - a +0 buckler (worn)
 w - a +0 cloak (worn)
Jewellery
 l - the ring of Edeviev (left hand) {rPois rCorr EV+5 Str-2 SInv}
   (You acquired it on level 5 of the Dungeon)

   [ring of evasion]

   EV:        It affects your evasion (+5).
   Str:       It affects your strength (-2).
   rPois:     It protects you from poison.
   SInv:      It lets you see invisible.
   rCorr:     It protects you from acid and corrosion.
 v - a ring of ice
Wands
 n - a wand of polymorph (1)
Scrolls
 i - 2 scrolls of magic mapping
 u - a scroll of vulnerability {unknown}
 x - a scroll of brand weapon
 y - a scroll of enchant armour {unknown}
 z - a scroll of identify
Potions
 d - 2 potions of might
 f - a potion of ambrosia
 h - 2 potions of heal wounds
 j - a potion of mutation
 k - a potion of brilliance
 m - 2 potions of curing {unknown}
 q - a potion of resistance {unknown}
 r - a potion of berserk rage {unknown}
 t - a potion of invisibility {unknown}


   Skills:
 + Level 5.1 Fighting
 * Level 5.7 Axes
 + Level 2.7 Throwing
 + Level 5.2 Armour
 + Level 5.2 Shields
 + Level 1.2 Invocations


You had 6 spell levels left.
You didn't know any spells.
Your spell library contained the following spells:

 Spells                   Type           Power      Damage    Failure   Level
 Freeze                   Ice            0%         1d3       88%         1
 Frozen Ramparts          Ice            0%         1d1       99%         3
 Hailstorm                Conj/Ice       0%         3d3       99%         3


Dungeon Overview and Level Annotations

Branches:
Dungeon (5/15)             Temple (1/1) D:4

Altars:
Cheibriados
Dithmenos
Elyvilon
Fedhas
Gozag
Hepliaklqana
Kikubaaqudgha
Okawaru
Qazlal
Ru
Sif Muna
Trog
Uskayaw
Vehumet
Xom
Yredelemnul


Innate Abilities, Weirdness & Mutations

You have a pair of horns on your head.
You reflexively headbutt those who attack you in melee.


Message History

l - the ring of Edeviev {rPois rCorr EV+5 Str-2 SInv} You feel weaker.
l - the ring of Edeviev (left hand) {rPois rCorr EV+5 Str-2 SInv}
As you read the scroll labelled AVUDWO NAME, it crumbles to dust.
The scroll dissolves into smoke.
It was a scroll of fog.
As you read the scroll labelled TUAN MEAFFICK, it crumbles to dust.
Your body is wracked with pain!
* * * LOW HITPOINT WARNING * * *
It was a scroll of torment.
As you read the scroll labelled XISUVY ATIGUA, it crumbles to dust.
You hear a loud clanging noise!
It was a scroll of noise.
You hear a shout! x3; You hear an angry hiss. x2
You start resting.
Something unseen opens the large door.
A scorpion comes into view.
The scorpion moves out of view.
An orc priest comes into view. It is wielding a +0 club.
The orc priest shouts!
An orc and an orc priest come into view.
The orc shouts!
The orc priest shouts!
You block the orc priest's attack.
You closely miss the orc priest.
An adder comes into view.
You closely miss the orc. You slash the orc!
You kill the orc!
The orc priest looks satisfied for a moment. x2
The orc priest invokes the aid of Beogh against you.
Beogh smites you!
* * * LOW HITPOINT WARNING * * *
The orc priest hits you from afar with a +0 trident.
* * * LOW HITPOINT WARNING * * *
There is a large open door, spattered with blood here.
You see here a +0 hand axe.
You hit the orc priest.
The orc priest is poisoned.
The orc priest is lightly wounded.
The orc priest calls down the wrath of Beogh upon you.
Pain shoots through your body!
You die... #......# #......# ......+ .....# ....# osS

#o# ####@#########
#§§§§........#
#§§§§........#
#§§§§........########
#....................
#####....................
.........................
####..[†#######..........
#....# #..........


You could see a scorpion, 2 orc priests and an adder.

Vanquished Creatures
  Sigmund (D:2)
  A steam dragon (D:5)
  Blork the orc (D:5)
  A hound (D:5)
  Crazy Yiuf (D:4)
  Jessica (D:3)
  3 gnolls (D:2)
  8 adders
  An ufetubus (D:3)
  A dart slug (D:3)
  6 orcs
  2 bats
  7 endoplasms
  2 giant cockroaches
  6 goblins
  5 hobgoblins
  4 jackals
  4 quokkas
  7 ball pythons
  4 frilled lizards (D:1)
  9 kobolds
  3 rats
78 creatures vanquished.

Vanquished Creatures (others)
  A shadow imp (D:5)
1 creature vanquished.

Grand Total: 79 creatures vanquished

Notes
Turn   | Place    | Note
-------+----------+-------------------------------------------
     0 | D:1      | bmack86 the Minotaur Fighter began the quest for the Orb.
     0 | D:1      | Reached XP level 1. HP: 19/19 MP: 0/0
    70 | D:1      | Found a faded altar of an unknown god.
   251 | D:1      | Reached XP level 2. HP: 27/27 MP: 1/1
   674 | D:2      | Reached XP level 3. HP: 33/33 MP: 2/2
   717 | D:2      | Reached skill level 1 in Throwing
   825 | D:2      | Reached XP level 4. HP: 28/40 MP: 3/3
   999 | D:2      | Noticed Sigmund
  1008 | D:2      | Killed Sigmund
  1009 | D:2      | Reached XP level 5. HP: 36/47 MP: 4/4
  1633 | D:3      | Reached XP level 6. HP: 48/53 MP: 5/5
  1634 | D:3      | Noticed Jessica
  1640 | D:3      | Killed Jessica
  1841 | D:3      | Reached skill level 5 in Axes
  2279 | D:4      | Found a staircase to the Ecumenical Temple.
  2289 | Temple   | Entered the Ecumenical Temple
  2296 | Temple   | Became a worshipper of Warmaster Okawaru
  2780 | D:4      | Found a runed translucent door.
  2781 | D:4      | Noticed Crazy Yiuf
  2788 | D:4      | Killed Crazy Yiuf
  3280 | D:5      | Entered Level 5 of the Dungeon
  3280 | D:5      | Noticed Blork the orc
  3287 | D:5      | Killed Blork the orc
  3288 | D:5      | Reached skill level 5 in Armour
  3294 | D:5      | Reached skill level 5 in Shields
  3342 | D:5      | Noticed a steam dragon
  3348 | D:5      | Reached skill level 5 in Fighting
  3352 | D:5      | Killed a steam dragon
  3353 | D:5      | Reached skill level 1 in Invocations
  3353 | D:5      | Reached XP level 7. HP: 31/61 MP: 6/6
  3360 | D:5      | Identified a scroll of acquirement
  3360 | D:5      | Acquired the ring of Edeviev {rPois rCorr EV+5 Str-2 SInv}
  3375 | D:5      | Killed from afar by an orc priest

Illustrated notes

Levels and vault maps discovered:
D:1:      dpeg_arrival_yet_another_circle, layout_basic, basic_ecumenical_altar
D:2:      layout_loops_cross, uniq_sigmund
D:3:      layout_loops_corners, uniq_jessica
D:4:      layout_loops_ring, minmay_temple_entry_grid, uniq_crazy_yiuf_cottage
D:5:      layout_basic, grunt_ministairs_1, pf_guarded_unrand_woodcutter,
          uniq_blork_the_orc
Temple:   nicolae_temple_x_marks_the_god

Skill      XL: |  1  2  3  4  5  6 |
---------------+-------------------+-----
Axes           | 3 4 5 |  5.7
Armour         | 4 5 |  5.2
Throwing       | 1 2 |  2.7
Fighting       | 4 5 |  5.1
Shields        | 4 5 |  5.2
Invocations    | 1 |  1.2

Action                     |  1- 3 |  4- 6 |  7- 9 || total
---------------------------+-------+-------+-------++-------
  Melee: War axe           |    55 |    94 |     4 ||   153
         Headbutt          |     6 |    13 |       ||    19
  Throw: Dart              |       |     7 |       ||     7
    Use: Scroll            |     3 |     5 |     4 ||    12
 Armour: Scale mail        |    26 |    55 |     1 ||    82
  Dodge: Dodged            |    30 |    41 |       ||    71
  Block: Buckler           |    13 |    21 |     1 ||    35

Table legend: (Time is in decaauts)
 A = Elapsed time spent in this place.
 B = Non-inter-level travel time spent in this place.
 C = Inter-level travel time spent in this place.
 D = Time resting spent in this place.
 E = Time spent auto-exploring this place.
 F = Levels seen in this place.
 G = Mean time per level.
                   A        B        C        D        E       F      G
               +--------+--------+--------+--------+--------+-----+--------+
         Total |   3425 |   3275 |    150 |      2 |   2396 |   6 |  570.8 |
       Dungeon |   3299 |   3150 |    149 |      2 |   2396 |   5 |  659.8 |
        Temple |    125 |    124 |      1 |      0 |      0 |   1 |  125.0 |
               +--------+--------+--------+--------+--------+-----+--------+

Top non-repeatable levels by time:
     D:4: 928 daAuts
     D:3: 918 daAuts
     D:2: 716 daAuts
     D:1: 637 daAuts
  Temple: 125 daAuts
     D:5: 99 daAuts
